AoeStats
← Fia Sare

Arabia

510020461Analyzed
1v1 RM · 3d ago on Sep 29, 2026· 49m 26s· 2 players
Game mode
Random Map
Map size
Tiny (2 player)
Population
200
Speed
Normal
Resources
Standard
Victory
Conquest
Starting age
Dark Age
Ending age
Imperial Age
RankedLock teamsTeams togetherTeam positionsShared explorationLock speedFull tech treeHidden civsTurbo modeCheats
Victory
Defeat
🇦🇷 Portuguese · Argentina
1207
+17
🇧🇷 Huns · Brazil
1225
-17
Fia Sare
6:58 Loom
9:43 Feudal Age
10:44 Double-Bit Axe
15:03 Fletching
21:28 Castle Age
19:38 Horse Collar
20:01 Gold Mining
20:30 Padded Archer Armor
21:41 Crossbowman
22:17 Bodkin Arrow
22:48 Bow Saw
23:57 Ballistics
26:08 Heavy Plow
27:51 Leather Archer Armor
30:57 Wheelbarrow
30:07 Town Watch
37:07 Imperial Age
35:47 Hand Cart
36:30 Thumb Ring
37:48 Bracer
37:23 Arbalester
39:25 Chemistry
41:23 Conscription
41:48 Ring Archer Armor
46:15 Siege Engineers
48:52 Light Cavalry
49:42 Bloodlines
50:23 Crop Rotation
50:55 Two-Man Saw
Andre_Ferro
6:25 Loom
9:16 Feudal Age
9:56 Double-Bit Axe
10:06 Horse Collar
17:22 Wheelbarrow
20:20 Castle Age
20:16 Bloodlines
20:51 Fletching
21:42 Bow Saw
21:55 Bodkin Arrow
27:01 Scale Barding Armor
27:16 Husbandry
38:09 Imperial Age
35:25 Town Watch
43:58 Chemistry
44:23 Elite Skirmisher
Connection lost

Rejoining the realm…

Still unreachable

The connection could not be restored.

Session expired

The server has moved on; the page needs a fresh start.